 Dungeon Crawl Stone Soup version 0.22.0-75-g3901e79 (webtiles) character file.

30657 Fang the Cleaver (level 13, -2/85 HPs)
             Began as a Gargoyle Berserker on Sept 12, 2018.
             Was an Elder of Trog.
             Slain by an eight-headed hydra (3 damage)
             ... on level 4 of the Lair of Beasts.
             The game lasted 00:31:14 (18975 turns).

Fang the Cleaver (Gargoyle Berserker)              Turns: 18975, Time: 00:31:15

Health: -2/85      AC: 22    Str: 24    XL:     13   Next: 53%
Magic:  4/4        EV: 15    Int:  7    God:    Trog [****..]
Gold:   1026       SH:  0    Dex: 11    Spells: 12/12 levels left

rFire    + . .     SeeInvis .   O - +4 battleaxe (antimagic)
rCold    + + .     Gourm    +   (shield currently unavailable)
rNeg     + . .     Faith    .   y - +1 ring mail {rF+}
rPois    ∞         Spirit   .   J - +1 hat {MR+}
rElec    +         Reflect  .   q - +1 cloak of Quantum Leap {rElec rC++ MR+ Int-3}
rCorr    +         Harm     .   d - +0 pair of gloves {archery}
MR       ++...                  (no boots)
Stlth    +.........             A - amulet of the gourmand
HPRegen  0.24/turn              m - ring of resist corrosion
MPRegen  0.09/turn              a - +2 ring of dexterity

@: silence, invisible
A: negative energy resistance 1, electricity resistance, unbreathing,
petrification resistance, rot immunity, AC +9
a: Renounce Religion


You were on level 4 of the Lair of Beasts.
You worshipped Trog.
Trog was greatly pleased with you.
You were very full.

You visited 4 branches of the dungeon, and saw 19 of its levels.

You collected 1026 gold pieces.

Inventory:

Hand Weapons
 v - a +3 hand axe
 E - a +4 hand axe of freezing
 O - a +4 antimagic battleaxe (weapon)
Armour
 d - a +0 pair of gloves of archery (worn)
 f - the +1 robe of the Flute {Str+6}
   (You found it on level 10 of the Dungeon)

   It affects your strength (+6).
 q - the +1 cloak of Quantum Leap (worn) {rElec rC++ MR+ Int-3}
   (You found it on level 4 of the Dungeon)

   It affects your intelligence (-3).
   It greatly protects you from cold.
   It insulates you from electricity.
   It affects your resistance to hostile enchantments.
 t - a +1 helmet
 y - a +1 ring mail of fire resistance (worn)
 J - a +1 hat of magic resistance (worn)
 M - the +1 scale mail of Qazlal's Pride {rElec}
   (You found it on level 10 of the Dungeon)

   It insulates you from electricity.
Jewellery
 a - a +2 ring of dexterity (right hand)
 m - a ring of resist corrosion (left hand)
 o - a +5 ring of strength {unknown}
 A - an amulet of the gourmand (around neck)
 C - an uncursed amulet of guardian spirit
 Q - an uncursed ring of fire {unknown}
Wands
 x - a wand of polymorph (29)
 D - a wand of flame (39)
 F - a wand of acid (10)
 G - a wand of enslavement (12)
 H - a wand of random effects (53)
 I - a wand of scattershot (6)
 L - a wand of disintegration (26)
Scrolls
 b - 4 scrolls of identify
 g - 6 scrolls of remove curse
 h - 8 scrolls of teleportation
 i - 4 scrolls of fear
 n - 6 scrolls of enchant armour
 p - 3 scrolls of blinking
 P - 2 scrolls of magic mapping
Potions
 e - a potion of resistance
 j - 3 potions of magic
 k - 5 potions of curing
 r - 3 potions of ambrosia
 u - 2 potions of might
 w - a potion of lignification
 z - 4 potions of cancellation
 B - a potion of haste
 K - a potion of brilliance
Miscellaneous
 l - a lamp of fire
Comestibles
 c - 28 rations


   Skills:
 + Level 11.6 Fighting
 + Level 14.6 Axes
 + Level 7.8 Armour
 + Level 8.1 Dodging
 + Level 4.4 Stealth


You had 12 spell levels left.
You didn't know any spells.
Your spell library was empty.

Dungeon Overview and Level Annotations

Branches:
Dungeon (12/15)            Temple (1/1) D:7            Lair (5/6) D:11
 Shoals (0/4) Lair:2       Spider (1/4) Lair:3          Orc (0/2) D:12
  Slime: Lair:5-6

Altars:
Dithmenos
Fedhas
Gozag
Hepliaklqana
Kikubaaqudgha
Ru
Uskayaw
Xom
The Shining One

Annotations:
D:5 3 runed doors, WaifuGate's ghost, novice FoFi
Lair:5 Urug


Innate Abilities, Weirdness & Mutations

You are resistant to torment.
Your stone body is resilient. (AC +9)
You are immune to poison.
You resist negative energy. (rN+)
You are resistant to electric shocks. (rElec)
You can survive without breathing.
You are immune to petrification.
You are immune to rotting.


Message History

* * * LOW HITPOINT WARNING * * *
The eight-headed hydra bites you but does no damage.
The eight-headed hydra bites you.
* * * LOW HITPOINT WARNING * * *
The yak completely misses you. The yak gores you.
* * * LOW HITPOINT WARNING * * *
The porcupine bites the plant!
The yak gores you but does no damage.
Okay, then.
You fade into invisibility!
The eight-headed hydra closely misses you.
The eight-headed hydra bites you but does no damage.
The eight-headed hydra misses you.
The eight-headed hydra barely misses you.
The eight-headed hydra bites you.
* * * LOW HITPOINT WARNING * * *
The eight-headed hydra bites you.
* * * LOW HITPOINT WARNING * * *
The eight-headed hydra bites you but does no damage.
The eight-headed hydra bites you.
You die...

######P#...##
###....# ## #
#####....###.##.##.
......(...........>
.#.#...........##
.....#...#..####
.#.####...##lY# .
##...#YD## .
#....##@Y#
P.###....#YP#
........#.r.# #
#.......#...# ..
#.###....#.## #.#.#
. #.#.#...###......
...#.......†.#
###.####..##Y......
## #..## Y.#.#.#


You could see an eight-headed hydra, a komodo dragon, 4 yaks and a porcupine.

Vanquished Creatures
  Gastronok (Lair:1)
  A hydra (Lair:3)
  4 two-headed ogres
  3 death yaks (D:11)
  Erica (D:8)
  3 unseen horrors
  An ugly thing (D:9)
  A cyclops (D:10)
  3 elephants (Lair:3)
  2 black mambas (Lair:3)
  Psyche (D:8)
  2 spiny frogs (Lair:2)
  2 komodo dragons
  A hornet (Lair:3)
  3 trolls
  7 blink frogs (Lair:1)
  4 hippogriffs
  20 yaks
  2 basilisks
  An acid dragon (D:12)
  7 water moccasins
  8 porcupines
  An eye of draining (D:10)
  3 ice beasts
  5 orc warriors
  6 sky beasts
  A black bear (D:10)
  A necrophage (D:9)
  6 ogres
  5 phantoms
  5 centaurs
  12 wolves
  4 crocodiles
  6 big kobolds
  10 bullfrogs
  2 water moccasin zombies
  5 scorpions
  A wyvern skeleton (D:6)
  13 killer bees
  3 wights (D:8)
  3 howler monkeys (D:9)
  3 crimson imps
  8 hounds
  9 orc wizards
  A bullfrog zombie (D:7)
  6 jellies
  Crazy Yiuf (D:3)
  4 centaur zombies
  2 centaur skeletons
  3 orc priests
  3 bullfrog skeletons
  5 iguanas
  8 worker ants
  A killer bee zombie (D:9)
  A hound zombie (D:8)
  A hound skeleton (D:7)
  4 gnolls (D:5)
  A river rat (D:11)
  17 adders
  3 shadow imps
  9 oozes
  An adder zombie (D:5)
  An adder skeleton (D:5)
  8 worms
  A dart slug (D:1)
  2 leopard geckos
  41 orcs
  2 ball pythons
  8 bats
  10 giant cockroaches
  10 goblins
  7 hobgoblins
  22 jackals
  2 quokkas
  6 frilled lizards
  42 kobolds
  2 quokka skeletons (D:8)
  6 rats
  A fungus (Lair:3)
  A plant (Lair:3)
433 creatures vanquished.

Vanquished Creatures (collateral kills)
  4 hydras (Lair:2)
  A centaur skeleton (D:10)
  An orc warrior (D:10)
  An ice beast (D:10)
  A worker ant (D:10)
  A fungus (Lair:2)
9 creatures vanquished.

Vanquished Creatures (others)
  A centaur (D:5)
  A hound (D:5)
  An orc priest (D:5)
  2 adders (D:5)
  2 orcs (D:5)
  A fungus (Lair:3)
  A plant (Lair:3)
9 creatures vanquished.

Grand Total: 451 creatures vanquished

Notes
Turn   | Place    | Note
-------+----------+-------------------------------------------
     0 | D:1      | Fang the Gargoyle Berserker began the quest for the Orb.
     0 | D:1      | Reached XP level 1. HP: 14/14 MP: 1/1
   124 | D:1      | Reached XP level 2. HP: 16/19 MP: 2/2
   135 | D:1      | Reached skill level 3 in Axes
   238 | D:1      | Reached XP level 3. HP: 18/24 MP: 3/3
   318 | D:1      | Reached ** piety under Trog
   891 | D:2      | Found a sacrificial altar of Ru.
  1014 | D:2      | Reached XP level 4. HP: 18/29 MP: 4/4
  1429 | D:2      | You fall through a shaft for 2 floors!
  1526 | D:4      | Reached skill level 4 in Axes
  1526 | D:4      | Reached XP level 5. HP: 25/33 MP: 5/5
  2030 | D:4      | Found a blossoming altar of Fedhas.
  2226 | D:4      | Reached skill level 1 in Stealth
  2226 | D:4      | Reached XP level 6. HP: 26/39 MP: 6/6
  2382 | D:4      | Got a faintly humming cloak
  2388 | D:4      | Identified the +1 cloak of Quantum Leap {rElec rC++ MR+
                  | Int-3} (You found it on level 4 of the Dungeon)
  2659 | D:3      | Found a hazy altar of Hepliaklqana.
  3046 | D:3      | Found a runed door.
  3371 | D:3      | Found an opulent altar of Gozag.
  3454 | D:3      | Found a shadowy altar of Dithmenos.
  3456 | D:3      | Found a glowing golden altar of the Shining One.
  3653 | D:3      | Found an ancient bone altar of Kikubaaqudgha.
  3769 | D:3      | Noticed Crazy Yiuf
  3778 | D:3      | Killed Crazy Yiuf
  3778 | D:3      | Reached skill level 5 in Axes
  3940 | D:2      | Reached *** piety under Trog
  4361 | D:5      | Entered Level 5 of the Dungeon
  4457 | D:5      | Found a shimmering altar of Xom.
  4463 | D:5      | Noticed a sky beast
  4660 | D:5      | Reached XP level 7. HP: 34/44 MP: 7/7
  4799 | D:5      | Reached skill level 5 in Fighting
  5045 | D:5      | Reached skill level 6 in Axes
  5057 | D:5      | Reached XP level 8. HP: 46/49 MP: 8/8
  6016 | D:5      | Noticed WaifuGate's ghost (novice FoFi)
  6018 | D:5      | Found a runed gate.
  6018 | D:5      | Found a runed gate.
  6018 | D:5      | Found a runed gate.
  6019 | D:5      | Noticed a two-headed ogre
  6538 | D:6      | Reached skill level 7 in Axes
  7036 | D:6      | Reached **** piety under Trog
  7052 | D:6      | Reached XP level 9. HP: 56/56 MP: 9/9
  7664 | D:7      | Reached skill level 8 in Axes
  7752 | D:7      | Reached skill level 5 in Armour
  7913 | D:7      | Found a staircase to the Ecumenical Temple.
  8025 | Temple   | Entered the Ecumenical Temple
  8188 | D:7      | Reached skill level 9 in Axes
  8886 | D:8      | Noticed a two-headed ogre
  8903 | D:8      | Killed a two-headed ogre
  8903 | D:8      | Reached XP level 10. HP: 64/64 MP: 10/10
  9138 | D:8      | Noticed Psyche
  9144 | D:8      | Paralysed by Psyche for 5 turns
  9155 | D:8      | Killed Psyche
  9155 | D:8      | Reached skill level 10 in Axes
  9614 | D:8      | Reached ***** piety under Trog
  9725 | D:8      | Noticed Erica
  9736 | D:8      | Killed Erica
  9736 | D:8      | Reached skill level 5 in Dodging
  9843 | D:8      | Found a hide-covered altar of Uskayaw.
 10097 | D:9      | Noticed a brown ugly thing
 10119 | D:9      | Killed a brown ugly thing
 10476 | D:9      | Noticed a two-headed ogre
 10488 | D:9      | Killed a two-headed ogre
 10488 | D:9      | Reached skill level 11 in Axes
 10488 | D:9      | Reached XP level 11. HP: 63/69 MP: 11/11
 11134 | D:10     | Entered Level 10 of the Dungeon
 11210 | D:10     | Got a pitted scale mail
 11221 | D:10     | Identified the cursed +1 scale mail of Qazlal's Pride
                  | {rElec} (You found it on level 10 of the Dungeon)
 11257 | D:10     | Noticed a cyclops
 11297 | D:10     | Killed an unseen horror
 11334 | D:10     | Killed a cyclops
 12002 | D:10     | Noticed a two-headed ogre
 12015 | D:10     | Killed a two-headed ogre
 12019 | D:10     | Killed an unseen horror
 12027 | D:10     | Reached skill level 12 in Axes
 12266 | D:10     | Got a fine robe
 12277 | D:10     | Identified the cursed +1 robe of the Flute {Str+6} (You
                  | found it on level 10 of the Dungeon)
 12361 | D:10     | Received a gift from Trog
 12901 | D:11     | Found a staircase to the Lair.
 12902 | D:11     | Noticed a death yak
 12902 | D:11     | Noticed a death yak
 12905 | D:11     | Noticed a death yak
 12920 | D:11     | Killed a death yak
 12920 | D:11     | Reached XP level 12. HP: 77/77 MP: 12/12
 12925 | D:11     | Killed a death yak
 12925 | D:11     | Reached skill level 10 in Fighting
 12934 | D:11     | Killed a death yak
 13272 | D:11     | Noticed a two-headed ogre
 13287 | D:11     | Killed a two-headed ogre
 13752 | D:12     | Found a staircase to the Orcish Mines.
 13818 | D:12     | Found a flagged portal.
 14334 | D:12     | Reached skill level 13 in Axes
 15120 | Lair:1   | Entered Level 1 of the Lair of Beasts
 15512 | Lair:1   | Noticed Gastronok
 15526 | Lair:1   | Killed Gastronok
 15975 | Lair:1   | Reached XP level 13. HP: 84/84 MP: 13/13
 16106 | Lair:1   | Reached skill level 14 in Axes
 16533 | Lair:2   | Received a gift from Trog
 16613 | Lair:2   | Found a staircase to the Shoals.
 16913 | Lair:2   | Found a labyrinth entrance.
 17699 | Lair:3   | Found a hole to the Spider Nest.
 18874 | Spider:1 | Entered Level 1 of the Spider Nest
 18966 | Lair:5   | Noticed Urug
 18974 | Lair:4   | HP: 3/85 [yak (3)]
 18975 | Lair:4   | HP: 1/85 [eight-headed hydra (1)]
 18975 | Lair:4   | Slain by an eight-headed hydra

Skill      XL: |  1  2  3  4  5  6  7  8  9 10 11 12 13 |
---------------+----------------------------------------+-----
Axes           | 3 4 5 6 7 9 11 12 13 14 | 14.6
Fighting       | 4 5 6 7 8 9 10 11 | 11.6
Dodging        | 2 3 4 5 6 7 8 |  8.1
Stealth        | 1 2 3 4 |  4.4
Armour         | 3 4 5 6 7 |  7.8

Action                   |  1- 3 |  4- 6 |  7- 9 | 10-12 | 13-15 || total
-------------------------+-------+-------+-------+-------+-------++-------
Melee: Hand axe          |   137 |   283 |   495 |   637 |    44 ||  1596
       Battleaxe         |       |       |       |       |   127 ||   127
Invok: Berserk           |     1 |     3 |    10 |    16 |     4 ||    34
       Brothers in Arms  |       |       |       |     1 |     6 ||     7
  Use: Scroll            |       |       |       |    28 |     3 ||    31
       Potion            |       |       |       |     2 |     3 ||     5
 Stab: Sleeping          |     1 |       |       |     1 |       ||     2
       Distracted        |       |       |       |       |     1 ||     1
  Eat: Chunk             |     1 |    13 |    30 |    45 |    13 ||   102
       Ration            |       |     1 |       |       |       ||     1
Armor: Animal skin       |    54 |    74 |       |       |       ||   128
       Ring mail         |       |    34 |   225 |   209 |   141 ||   609
       Skin              |       |    13 |       |       |       ||    13
       Robe              |       |     4 |       |   107 |       ||   111
Dodge: Dodged            |    86 |   161 |   259 |   357 |   198 ||  1061
